Description

temp

Build Order

Get SALT Encoding   

  12  0:01  Drone  
  13  0:12  Overlord  
  13  0:17  Drone  
  14  0:31  Drone x3  
  17  0:51  Hatchery  
  17  0:55  Drone x2  
  18  1:10  Extractor  
  17  1:13  Drone  
  18  1:19  Drone  
  18  1:21  Spawning Pool  
  18  1:28  Drone  
  20  1:49  Overlord  
  21  2:08  Queen x2  
  24  2:10  Metabolic Boost  
  24  2:14  Zergling x2  
  29  2:24  Overlord  
  30  2:38  Zergling x2  
  31  2:47  Queen  
  31  2:49  Lair  
  38  3:18  Overlord  
  39  3:23  Extractor x2  
  39  3:26  Overlord  
  42  3:41  Zergling x4  
  51  4:01  Extractor  also build tech
  49  4:03  Spore Crawler x2  
  49  4:05  Zergling x2  
  52  4:38  Hatchery  
Spawning Tool Build Advisor. Get it on Overwolf

Go to:

Details

  • Created by: gandr1318
  • Published on: Nov 19, 2017
  • Modified on: Nov 19, 2017
  • Patch: 4.0.0
Show
View Real Time Build Order
Export as new Build Order

Comments (0)

There are no comments. Be the first!

Create an account to comment!